 Dungeon Crawl Stone Soup version 0.23-a0-393-g6e9e0f2 (webtiles) character file.

486851 MisterFreud the Shatterer (level 23, -9/227 HPs)
             Began as a Minotaur Abyssal Knight on Oct 29, 2018.
             Was an Elder of Lugonu.
             Splashed by an ancient lich's acid (15 damage)
             ... on level 5 of the Vaults on Oct 31, 2018.
             The game lasted 04:19:45 (63057 turns).

MisterFreud the Shatterer (MiAK)                   Turns: 63057, Time: 04:19:47

Health: -9/227     AC: 52    Str: 26    XL:     23   Next: 80%
Magic:  32/32      EV:  7    Int:  9    God:    Lugonu [****..]
Gold:   1266       SH: 17    Dex: 12    Spells: 22/22 levels left

rFire    . . .     SeeInvis .   a - +9 demon whip (distort)
rCold    + . .     Gourm    .   U - +0 shield {rPois}
rNeg     . . .     Faith    +   w - +14 crystal plate armour of Pathos {rPois}
rPois    +         Spirit   .   (helmet restricted)
rElec    .         Reflect  .   y - +2 cloak {MR+}
rCorr    .         Harm     .   P - +2 pair of gloves {Str+3}
MR       +++..                  s - +2 pair of boots
Stlth    ..........             u - amulet of faith
HPRegen  0.47/turn              h - ring of protection from magic
MPRegen  0.23/turn              x - ring of protection from cold

@: drained
A: retaliatory headbutt, horns 2, weak 1
}: 2/15 runes: barnacled, gossamer
a: Depart the Abyss, Bend Space, Banish, Corrupt, Renounce Religion


You were on level 5 of the Vaults.
You worshipped Lugonu.
Lugonu was greatly pleased with you.
You were not hungry.

You visited 8 branches of the dungeon, and saw 43 of its levels.
You visited the Abyss 6 times.
You visited 1 bazaar.
You also visited: Sewer and Ice Cave.

You collected 5740 gold pieces.
You spent 4474 gold pieces at shops.

Inventory:

Hand Weapons
 a - a +9 demon whip of distortion (weapon)
 b - the +2 long sword of Righteous Anger {elec, SInv}
   (You found it on level 4 of the Lair of Beasts)

   Occasionally, upon striking a foe, it will discharge some electrical energy
   and cause terrible harm.
   It lets you see invisible.
 e - the +5 morningstar of Disintegration {freeze, +Fly rF+ Str-4 SInv}
   (You took it off an ogre mage on level 5 of the Vaults)

   It has been specially enchanted to freeze those struck by it, causing extra
   injury to most foes and up to half again as much damage against particularly
   susceptible opponents.
   It can also slow down cold-blooded creatures.
   It affects your strength (-4).
   It protects you from fire.
   It lets you see invisible.
   It lets you fly.
Missiles
 X - 8 throwing nets (quivered)
Armour
 s - a +2 pair of boots (worn)
 w - the +14 crystal plate armour of Pathos (worn) {rPois}
   (You bought it in a shop in a bazaar)

   It protects you from poison.
 y - a +2 cloak of magic resistance (worn)
 P - a +2 pair of gloves of strength (worn)
 U - a +0 shield of poison resistance (worn)
Jewellery
 h - a ring of protection from magic (left hand)
 m - an uncursed ring of fire
 u - an amulet of faith (around neck)
 v - an uncursed ring of positive energy
 x - a ring of protection from cold (right hand)
 z - a +5 ring of strength
 G - the amulet "Amneso" {Acrobat rC++}
   (You found it on level 3 of the Shoals)

   [amulet of the acrobat]

   It helps you evade while moving and waiting.
   It greatly protects you from cold.
 M - an uncursed ring of resist corrosion
 S - an uncursed ring of positive energy
Wands
 k - a wand of acid (12)
 r - a wand of iceblast (21)
 A - a wand of random effects (17)
 C - a wand of enslavement (48)
 D - a wand of polymorph (24)
 K - a wand of scattershot (6)
 Q - a wand of digging (6)
 R - a wand of flame (90)
 V - a wand of disintegration (49)
 Y - a wand of paralysis (2)
Scrolls
 f - 9 scrolls of fog
 j - 14 scrolls of teleportation
 n - 19 scrolls of identify
 q - 5 scrolls of magic mapping
 B - 33 scrolls of remove curse
 H - 7 scrolls of fear
 I - 5 scrolls of blinking
 L - 2 scrolls of summoning
 O - 7 scrolls of enchant armour
 W - 3 scrolls of silence
Potions
 d - 3 potions of cancellation
 g - 6 potions of magic
 i - 3 potions of resistance
 l - 9 potions of curing
 p - a potion of haste
 t - 8 potions of agility
 E - 8 potions of mutation
 F - 3 potions of berserk rage
 Z - 5 potions of invisibility
Miscellaneous
 J - a lamp of fire
 N - a phial of floods
 T - a sack of spiders
Comestibles
 c - 47 rations


   Skills:
 + Level 23.3(22.9) Fighting
 - Level 2.4(2.1) Long Blades
 - Level 24.0(23.5) Maces & Flails
 - Level 20.0(19.6) Armour
 - Level 1.1(0.8) Dodging
 * Level 23.1(22.7) Shields
 - Level 14.0(13.6) Invocations
 - Level 8.0(7.7) Evocations


You had 22 spell levels left.
You didn't know any spells.
Your spell library contained the following spells:

 Spells                   Type           Power        Failure   Level  Hunger
 Confusing Touch          Hex            #.....       99%         1    ##.....
 Magic Dart               Conj           #...         99%         1    ##.....
 Sandblast                Erth           #.....       99%         1    ##.....
 Sting                    Conj/Pois      #...         99%         1    ##.....
 Summon Small Mammal      Summ           #...         99%         1    ##.....
 Call Imp                 Summ           #.......     100%        2    ###....
 Passwall                 Tmut/Erth      #.......     100%        2    ###....
 Poisonous Vapours        Pois/Air       #.....       100%        2    ###....
 Searing Ray              Conj           #.....       100%        2    ###....
 Call Canine Familiar     Summ           #.......     100%        3    ####...
 Confuse                  Hex            #.......     100%        3    ####...
 Gell's Gravitas          Tloc           #.........   100%        3    ####...
 Mephitic Cloud           Conj/Pois/Air  #.......     100%        3    ####...
 Stone Arrow              Conj/Erth      #.....       100%        3    ####...
 Summon Guardian Golem    Hex/Summ       #.......     100%        3    ####...
 Leda's Liquefaction      Hex/Erth       #.........   100%        4    #####..
 Olgreb's Toxic Radiance  Pois           #.......     100%        4    #####..
 Petrify                  Tmut/Erth      #.......     100%        4    #####..
 Summon Ice Beast         Ice/Summ       #.......     100%        4    #####..
 Summon Lightning Spire   Summ/Air       #.......     100%        4    #####..
 Bolt of Magma            Conj/Fire/Erth #.........   100%        5    ######.
 Iskenderun's Battlesphe  Conj/Chrm      #.......     100%        5    ######.
 Lee's Rapid Deconstruct  Erth           #.........   100%        5    ######.
 Metabolic Englaciation   Hex/Ice        #.........   100%        5    ######.
 Venom Bolt               Conj/Pois      #.........   100%        5    ######.
 Yara's Violent Unravell  Hex/Tmut       #.........   100%        5    ######.
 Iron Shot                Conj/Erth      #.........   100%        6    #######
 Statue Form              Tmut/Erth      #........    100%        6    #######
 Shatter                  Erth           #.........   100%        9    #######


Dungeon Overview and Level Annotations

Branches:
Dungeon (15/15)            Temple (0/1) D:4            Lair (6/6) D:11
 Shoals (4/4) Lair:4       Spider (4/4) Lair:4        Slime (0/5) Lair:6
    Orc (2/2) D:9             Elf (2/3) Orc:2        Vaults (5/5) D:13
  Crypt (0/3) Vaults:2     Depths (5/5) D:15
    Zot: Depths:5

Altars:
Ashenzari
Dithmenos
Fedhas
Gozag
Kikubaaqudgha
Makhleb
Nemelex Xobeh
Okawaru
Qazlal
Sif Muna
Vehumet
Yredelemnul
Zin
The Shining One
Beogh
Lugonu

Shops:
D:6 (   D:9 *   D:12 *   D:13 *   Orc:2 :((!   Vaults:2 ?   Vaults:3 *
Depths:1 }   Depths:2 ?   Depths:3 }   Depths:5 [:*

Portals:
Hell: Depths:1 Depths:2 Depths:3 Depths:4 Depths:5
Abyss: Depths:4
Pandemonium: Depths:1 Depths:3 Depths:4 Depths:5
Ziggurat: Depths:1

Annotations:
D:3 2 transporters
D:7 3 runed doors, PeterLawrence's ghost, novice HOBe
D:11 3 runed doors, Nr616's ghost, journeyman HOFi
D:15 1 runed door
Lair:2 exclusion: oklob plant
Lair:6 3 runed doors, PeterLawrence's ghost, journeyman MiBe
Shoals:2 1 runed door, Fuggyum's ghost, journeyman MiFi
Elf:2 3 runed doors, Ditysa's ghost, adept OpWn
Vaults:3 3 runed doors, Exkageocw's ghost, adept DECj; Tazamm's ghost, adept MiBe
Depths:4 Jory
Abyss:1 Asterion; Rupert


Innate Abilities, Weirdness & Mutations

You reflexively headbutt those who attack you in melee.
You have a pair of horns on your head.
You are weak. (Str -2)


Message History

Unknown command.
Unknown command.
Okay, then.
Press: ? - help, v - describe, . - travel
Here: an ancient lich (purple smoke, almost destroyed, fast)
The floor.
Okay, then.
Unknown command.
You hit the ancient lich but do no damage.
The ancient lich looks slightly unstable.
Your headbutt misses the ancient lich.
The ancient lich is almost destroyed.
You hit the ancient lich.
Space bends around the ancient lich.
Your headbutt misses the ancient lich.
The ancient lich is almost destroyed.
The ancient lich casts a spell at you. The bolt of acid hits you!
* * * LOW HITPOINT WARNING * * *
You are splashed with acid!
The acid burns!
You die...

#....#.... ... #. #....#... #
...#. #....#..# .## #..#.
#....#..##...# .###..#.
.....#........ ......#.
.............. ........
.....[.#######################...
........)([)(§§§§§§..............
.............§§§@L§.L..........(.
#################################


You could see an ancient lich.

Vanquished Creatures
  Mennas (Depths:4)
  Frederick (Depths:5)
  Margery (Depths:4)
  2 golden dragons
  A lich (Depths:5)
  A kraken (Shoals:4)
  7 tentacled starspawn (Abyss:1)
  2 sphinxes
  Agnes (Vaults:2)
  A shadow dragon (Depths:2)
  3 tengu reavers
  Roxanne (Spider:4)
  8 fire giants
  A storm dragon (Vaults:5)
  5 frost giants
  Louise (Abyss:1)
  11 vault wardens
  A deep elf sorcerer (Vaults:5)
  A cacodemon (Depths:4)
  A ghoul (Vaults:4)
  A balrug (Depths:3)
  3 ghost moths
  A caustic shrike zombie (Depths:2)
  6 emperor scorpions
  13 ironheart preservers
  2 spriggan defenders (Depths:3)
  21 stone giants
  2 war gargoyles (Vaults:5)
  5 vampire knights
  4 very ugly things
  4 deep elf demonologists
  6 entropy weavers
  2 lorocyprocas
  7 spark wasps
  3 deep elf annihilators
  9 ettins
  2 merfolk javelineers (Shoals:4)
  A jiangshi (Vaults:2)
  Snorg (D:10)
  8 great orbs of eyes
  6 merfolk impalers
  12 yaktaur captains
  Josephine (Abyss:1)
  12 fire dragons
  Harold (Lair:1)
  6 rakshasas
  22 ogre magi
  7 vault guards
  9 ice dragons
  A hydra (shapeshifter) (Depths:3)
  An alligator snapping turtle (Shoals:2)
  10 centaur warriors
  3 merfolk avatars
  A spriggan air mage (Depths:2)
  57 two-headed ogres
  2 death knights
  2 satyrs
  29 dancing weapons
  3 catoblepae
  A merfolk aquamancer (Shoals:4)
  10 tengu warriors
  3 deep troll shamans
  8 death scarabs (Spider:4)
  2 vampire magi
  5 deep troll earth magi
  4 thrashing horrors (Abyss:1)
  6 spriggan berserkers
  Nergalle (D:10)
  A sun demon (Abyss:1)
  3 soul eaters
  18 hell knights
  4 shadow wraiths (Vaults:4)
  2 storm dragon zombies
  21 deep elf knights
  17 skeletal warriors
  A titan skeleton (Vaults:5)
  3 sixfirhies (Abyss:1)
  A wretched star (Abyss:1)
  2 flayed ghosts
  5 wizards
  A kraken simulacrum (Shoals:4)
  A shadow demon (Abyss:1)
  3 glowing orange brains
  A phantasmal warrior (Vaults:2)
  23 deep trolls
  A tengu zombie (Vaults:4)
  7 sea snakes
  14 ironbrand convokers
  A shadow dragon zombie (Depths:2)
  6 deep elf archers
  13 orc knights
  4 spectral wolf spiders (Spider:4)
  13 orb spiders
  A tengu skeleton (Vaults:5)
  2 wolf spider zombies (Spider:4)
  58 ugly things
  21 harpies
  A wolf spider (shapeshifter) (Vaults:5)
  A mana viper (shapeshifter) (Vaults:4)
  7 necromancers
  9 orc sorcerers (Orc:2)
  A lindwurm (Lair:6)
  28 wolf spiders
  15 manticores
  48 deep elf magi
  A salamander (Depths:5)
  A manticore (shapeshifter) (Depths:2)
  A faun (shapeshifter) (Vaults:5)
  11 fauns
  19 slime creatures
  2 worldbinders (Abyss:1)
  11 cyclopes
  A guardian serpent (shapeshifter) (Vaults:2)
  5 centaur zombies
  An elephant (shapeshifter) (Depths:4)
  5 merfolk sirens
  3 moths of wrath (Spider:4)
  14 vault sentinels
  A fire giant zombie (Depths:2)
  Psyche (Abyss:1)
  6 elephants (Lair:5)
  A rust devil (Abyss:1)
  3 ice statues (IceCv)
  5 smoke demons
  A guardian serpent (Abyss:1)
  8 water nymphs
  9 black mambas
  3 orange demons
  3 gargoyles
  A fire giant skeleton (Depths:2)
  2 molten gargoyles (Lair:6)
  4 centaur skeletons
  A spriggan zombie (Depths:2)
  A spectral redback (Spider:4)
  5 spiny frogs
  10 komodo dragons
  64 yaktaurs
  7 ice devils
  An efreet (Abyss:1)
  3 rime drakes
  12 freezing wraiths
  11 demonic crawlers
  3 red devils
  2 hellwings (Abyss:1)
  A human zombie (Vaults:4)
  5 ancient zymes (Abyss:1)
  21 merfolk
  5 tengu conjurers
  A troll (shapeshifter) (Vaults:1)
  3 wind drakes
  A silent spectre (Abyss:1)
  38 jumping spiders
  4 trolls
  7 spectral tarantellas (Spider:4)
  A polar bear (Lair:6)
  Prince Ribbit (D:7)
  11 raiju
  13 hornets
  A dream sheep (shapeshifter) (Depths:2)
  2 spectral jumping spiders (Spider:4)
  11 blink frogs
  5 snapping turtles
  18 dream sheep
  A human simulacrum (Vaults:2)
  A meliai zombie (D:14)
  3 jumping spider zombies (Spider:4)
  9 hippogriffs
  A fire giant simulacrum (Vaults:1)
  2 spriggans
  A shadow (D:11)
  An elf skeleton (Depths:4)
  19 small abominations
  5 wyverns
  4 ynoxinuls
  A spriggan (shapeshifter) (Vaults:1)
  6 water elementals
  An air elemental (Elf:2)
  31 tarantellas
  A fire bat (shapeshifter) (Depths:3)
  A human (shapeshifter) (Vaults:5)
  68 redbacks
  9 wraiths
  3 vampires
  A golden eye (shapeshifter) (Abyss:1)
  A hog (shapeshifter) (Abyss:1)
  41 yaks
  3 basilisks
  2 basilisks (shapeshifter)
  3 fire elementals
  2 yaktaur simulacra
  5 chaos spawn
  10 vampire mosquitoes
  2 neqoxecs (Abyss:1)
  4 hungry ghosts
  3 steam dragons (Lair:6)
  4 insubstantial wisps (Abyss:1)
  10 large abominations (Abyss:1)
  2 acid dragons
  2 nagas (Abyss:1)
  A warg (Vaults:4)
  A soldier ant (D:12)
  4 hell hounds
  3 spectral hornets (Spider:4)
  6 porcupines
  6 water moccasins
  A floating eye (shapeshifter) (Depths:3)
  2 floating eyes (Depths:4)
  2 elf zombies
  A hornet zombie (Spider:4)
  34 orc warriors
  5 phantoms
  2 sky beasts
  2 eyes of draining (D:15)
  4 ice beasts
  A necrophage (D:8)
  28 centaurs
  6 boggarts
  62 ogres
  A centaur (shapeshifter) (Vaults:5)
  16 wolves
  A manticore skeleton (Abyss:1)
  17 crocodiles
  7 big kobolds
  A big kobold (shapeshifter) (Vaults:1)
  A wyvern zombie (D:6)
  17 bullfrogs
  An earth elemental (Abyss:1)
  A gnoll sergeant (D:9)
  A wyvern skeleton (D:13)
  7 scorpions
  2 orc simulacra
  2 electric eels
  3 wights
  5 howler monkeys
  5 lava snakes (Lair:6)
  11 crimson imps
  2 bullfrog zombies
  15 starcursed masses (Abyss:1)
  5 draconian simulacra (IceCv)
  7 quasits
  10 orc priests
  3 bullfrog skeletons
  6 hounds
  2 gnoll shamans
  5 jellies
  4 iron imps
  3 iguanas
  34 orc wizards
  A troll simulacrum (IceCv)
  A spriggan simulacrum (IceCv)
  8 worker ants
  A hound skeleton (D:8)
  3 worker ant zombies
  15 gnolls
  A howler monkey skeleton (D:4)
  17 adders
  3 naga simulacra (IceCv)
  2 river rats (Sewer)
  10 shadow imps
  4 white imps (Abyss:1)
  6 ufetubi
  An ooze (D:2)
  5 worms
  2 dart slugs
  A leopard gecko (D:10)
  89 orcs
  6 giant cockroaches
  6 goblins
  6 hobgoblins
  17 jackals
  3 quokkas
  3 ball pythons
  10 bats
  9 frilled lizards
  12 kobolds
  17 rats
  A lurking horror (Abyss:1)
  A plant (Shoals:2)
  5 starspawn tentacles (Abyss:1)
  5 tentacles (Shoals:4)
2027 creatures vanquished.

Vanquished Creatures (others)
  A tentacled starspawn (Abyss:1)
  A stone giant (Vaults:3)
  2 ironheart preservers (Vaults:5)
  A vampire knight (Depths:4)
  2 very ugly things (Vaults:2)
  A fire dragon (Depths:5)
  2 vault guards (Vaults:5)
  2 merfolk impalers
  5 hydras
  A deep troll shaman (Depths:3)
  A two-headed ogre (D:10)
  A thrashing horror (Abyss:1)
  A deep troll earth mage (Depths:4)
  A hell knight (Depths:3)
  An iron troll (Depths:5)
  A deep elf knight (Vaults:5)
  A wretched star (Abyss:1)
  2 glowing orange brains
  A deep troll (Depths:4)
  2 deep elf archers (Elf:1)
  A harpy (Shoals:2)
  A necromancer (Depths:4)
  An ugly thing (Depths:3)
  A sphinx skeleton (Depths:4)
  A cyclops (D:10)
  A spriggan zombie (Depths:4)
  5 fauns
  2 merfolk sirens
  A guardian serpent (shapeshifter) (Vaults:5)
  A freezing wraith (Vaults:3)
  A merfolk (Shoals:4)
  A hornet (Vaults:5)
  An ettin zombie (Vaults:5)
  A redback (Spider:2)
  A black mamba zombie (Abyss:1)
  A naga (Abyss:1)
  A deep troll simulacrum (Vaults:2)
  A quasit (Abyss:1)
  An orc wizard (Orc:2)
  A goblin (shapeshifter) (Vaults:5)
  4 fungi
  A lurking horror (Abyss:1)
  5 plants
  22 starspawn tentacles
  16 tentacles (Shoals:4)
  3 withered plants (Vaults:3)
106 creatures vanquished.

Grand Total: 2133 creatures vanquished

Notes
Turn   | Place    | Note
-------+----------+-------------------------------------------
     0 | Abyss:1  | MisterFreud the Minotaur Abyssal Knight began the quest for
                  | the Orb.
     0 | Abyss:1  | Reached XP level 1. HP: 19/19 MP: 1/1
   194 | Abyss:1  | Noticed an Executioner
   197 | D:1      | Escaped the Abyss
   312 | D:1      | Reached * piety under Lugonu
   312 | D:1      | Reached XP level 2. HP: 26/28 MP: 2/2
   657 | D:1      | Reached skill level 5 in Fighting
   665 | D:2      | Reached XP level 3. HP: 20/36 MP: 3/3
  1160 | D:2      | Reached XP level 4. HP: 44/44 MP: 4/4
  1590 | D:3      | Found a transporter.
  1796 | D:3      | Found a glowing drain.
  1805 | D:3      | Reached ** piety under Lugonu
  1807 | Sewer    | Entered a sewer
  1879 | Sewer    | Reached XP level 5. HP: 34/51 MP: 5/5
  2374 | D:3      | Found a transporter.
  2502 | D:3      | Found a faded altar of an unknown god.
  2635 | D:4      | Reached *** piety under Lugonu
  2805 | D:4      | Found a staircase to the Ecumenical Temple.
  2856 | D:4      | Reached XP level 6. HP: 50/61 MP: 6/6
  2895 | D:4      | Got a creamy pearl robe
  2906 | D:4      | Identified the +2 robe of Quantum Leap {rElec rF- Regen+
                  | Stlth+} (You found it on level 4 of the Dungeon)
  3385 | D:5      | Entered Level 5 of the Dungeon
  3429 | D:5      | Reached XP level 7. HP: 54/68 MP: 6/8
  3593 | D:5      | Reached skill level 5 in Armour
  3593 | D:5      | Reached skill level 1 in Shields
  4214 | D:6      | Found a burning altar of Makhleb.
  4329 | D:6      | Reached XP level 8. HP: 58/74 MP: 10/10
  4496 | D:6      | Reached **** piety under Lugonu
  4496 | D:6      | Reached skill level 5 in Invocations
  4511 | D:6      | Found Zumegheg's Weapon Boutique.
  4710 | D:6      | Found a deep blue altar of Sif Muna.
  4713 | D:6      | Found a shadowy altar of Dithmenos.
  5364 | D:7      | Found a shattered altar of Ashenzari.
  5364 | D:7      | Found a radiant altar of Vehumet.
  5364 | D:7      | Found a stormy altar of Qazlal.
  5365 | D:7      | Found a basalt altar of Yredelemnul.
  5365 | D:7      | Found a blossoming altar of Fedhas.
  5365 | D:7      | Found an opulent altar of Gozag.
  5476 | D:7      | Noticed Prince Ribbit
  5487 | D:7      | Killed Prince Ribbit
  5499 | D:7      | Found a runed gate.
  5499 | D:7      | Found a runed gate.
  5499 | D:7      | Found a runed gate.
  5499 | D:7      | Noticed PeterLawrence's ghost (novice HOBe)
  5623 | D:7      | Reached XP level 9. HP: 71/81 MP: 14/14
  6191 | D:8      | Reached ***** piety under Lugonu
  6475 | D:8      | Found a burning altar of Makhleb.
  6731 | D:8      | Escaped the Abyss
  6905 | D:9      | Reached skill level 10 in Fighting
  7003 | D:9      | Found the +8 whip "Snakebite" {curare, rPois}
  7092 | D:9      | Reached skill level 3 in Maces & Flails
  7136 | D:9      | Found Xecherch's General Store.
  7157 | D:9      | Reached skill level 4 in Maces & Flails
  7186 | D:9      | Noticed Psyche
  7187 | D:9      | Banished Psyche
  7187 | D:9      | Reached skill level 5 in Maces & Flails
  7215 | D:9      | Reached XP level 10. HP: 80/93 MP: 13/15
  7303 | D:9      | Reached skill level 6 in Maces & Flails
  7532 | D:9      | Reached skill level 7 in Maces & Flails
  7628 | D:9      | Reached skill level 8 in Maces & Flails
  7722 | D:9      | Found a staircase to the Orcish Mines.
  7738 | D:9      | Reached skill level 9 in Maces & Flails
  7751 | D:10     | Entered Level 10 of the Dungeon
  7909 | D:10     | Reached skill level 10 in Maces & Flails
  8015 | D:10     | Got an ichor-stained plate armour
  8026 | D:10     | Identified the +8 plate armour "Nonoir" {Str+6} (You found
                  | it on level 10 of the Dungeon)
  8117 | D:10     | Noticed Nergalle
  8131 | D:10     | Killed Nergalle
  8138 | D:10     | Noticed a two-headed ogre
  8141 | D:10     | Banished a two-headed ogre
  8141 | D:10     | Reached skill level 11 in Maces & Flails
  8206 | D:10     | Noticed Snorg
  8249 | D:10     | Killed Snorg
  8249 | D:10     | Reached XP level 11. HP: 48/100 MP: 16/16
  8846 | D:11     | Noticed a red ugly thing
  8875 | D:11     | Killed a red ugly thing
  8875 | D:11     | Reached skill level 10 in Armour
  9215 | D:11     | Reached skill level 12 in Maces & Flails
  9276 | D:11     | Noticed a catoblepas
  9301 | D:11     | Killed a catoblepas
  9331 | D:11     | Found a runed gate.
  9331 | D:11     | Found a runed gate.
  9331 | D:11     | Found a runed gate.
  9331 | D:11     | Noticed Nr616's ghost (journeyman HOFi)
  9383 | D:11     | Noticed a two-headed ogre
  9403 | D:11     | Killed a two-headed ogre
  9736 | D:11     | Found a staircase to the Lair.
  9762 | D:11     | Found a corrupted altar of Lugonu.
  9774 | Lair:1   | Entered Level 1 of the Lair of Beasts
  9896 | Lair:1   | Found a glowing golden altar of the Shining One.
  9900 | Lair:1   | Noticed Harold
  9903 | Lair:1   | Found a dark tunnel.
  9909 | Lair:1   | Killed Harold
 10255 | Lair:1   | Reached XP level 12. HP: 106/106 MP: 17/17
 10298 | Lair:1   | Found a frozen archway.
 10307 | IceCv    | Entered an ice cave
 10346 | IceCv    | Reached skill level 5 in Shields
 11527 | Lair:2   | Noticed an eight-headed hydra
 11530 | Lair:2   | Banished an eight-headed hydra
 12248 | Lair:2   | Noticed a four-headed hydra
 12252 | Lair:2   | Banished a four-headed hydra
 12252 | Lair:2   | Reached skill level 10 in Shields
 12739 | Lair:3   | Noticed a five-headed hydra
 12741 | Lair:3   | Banished a five-headed hydra
 13334 | Lair:4   | Found a staircase to the Shoals.
 13482 | Lair:4   | Got a crude long sword
 13483 | Lair:4   | Identified the cursed +2 long sword of Righteous Anger
                  | {elec, SInv} (You found it on level 4 of the Lair of
                  | Beasts)
 13563 | Lair:4   | Found a hole to the Spider Nest.
 13921 | Lair:5   | Noticed a five-headed hydra
 13926 | Lair:5   | Banished a five-headed hydra
 13926 | Lair:5   | Reached XP level 13. HP: 109/113 MP: 5/18
 14067 | Lair:5   | Noticed Josephine
 14099 | Lair:5   | Banished Josephine
 14665 | Lair:6   | Entered Level 6 of the Lair of Beasts
 14665 | Lair:6   | Found a staircase to the Slime Pits.
 14963 | Lair:6   | Reached skill level 15 in Shields
 15491 | Lair:6   | Got a heavily runed marble ring
 15493 | Lair:6   | Identified the ring of Eskahihy {*Tele rN+} (You found it
                  | on level 6 of the Lair of Beasts)
 16030 | Lair:6   | Found a runed gate.
 16030 | Lair:6   | Found a runed gate.
 16030 | Lair:6   | Found a runed gate.
 16033 | Lair:6   | Noticed PeterLawrence's ghost (journeyman MiBe)
 16218 | Lair:6   | Noticed a fire dragon
 16264 | Lair:6   | Reached ****** piety under Lugonu
 16299 | Lair:6   | Found a large runed door.
 16303 | Lair:6   | Found a large runed door.
 16941 | Orc:1    | Entered Level 1 of the Orcish Mines
 16942 | Orc:1    | Noticed a stone giant
 17274 | D:9      | Killed a stone giant
 17572 | Orc:2    | Entered Level 2 of the Orcish Mines
 17656 | Orc:2    | Upgraded the game from 0.23-a0-389-g4a5eb33 to
                  | 0.23-a0-391-g8c51ad5
 17799 | Orc:2    | Reached XP level 14. HP: 74/130 MP: 19/19
 18063 | Orc:2    | Found a staircase to the Elven Halls.
 18303 | Orc:2    | Found Ycycux's Book Shop.
 18343 | Orc:2    | Found an ancient bone altar of Kikubaaqudgha.
 18424 | Orc:2    | Found Ixadoid's Antique Weapon Shop.
 18444 | Orc:2    | Found a radiant altar of Vehumet.
 18486 | Orc:2    | Found a roughly hewn altar of Beogh.
 18534 | Orc:2    | Paralysed by an ogre mage for 2 turns
 18547 | Orc:2    | Reached skill level 13 in Maces & Flails
 18563 | Orc:2    | Found Deanintus's Antique Weapon Boutique.
 18568 | Orc:2    | Found Nosavo's Distillery.
 18580 | Orc:2    | Bought a potion of heal wounds for 90 gold pieces
 18580 | Orc:2    | Bought a potion of heal wounds for 90 gold pieces
 18580 | Orc:2    | Bought a potion of might for 72 gold pieces
 18580 | Orc:2    | Bought a potion of curing for 54 gold pieces
 18580 | Orc:2    | Bought 2 potions of curing for 108 gold pieces
 18580 | Orc:2    | Bought a potion of curing for 54 gold pieces
 18580 | Orc:2    | Bought a potion of curing for 54 gold pieces
 18580 | Orc:2    | Bought a potion of invisibility for 144 gold pieces
 18580 | Orc:2    | Bought a potion of haste for 180 gold pieces
 18983 | Orc:1    | Found a roughly hewn altar of Beogh.
 19861 | D:12     | Found Zomuoraell's Changing Room.
 19948 | D:12     | Reached skill level 14 in Maces & Flails
 20421 | D:13     | Found Ufuefevo's Assorted Antiques.
 20435 | D:13     | Bought a runed shield for 247 gold pieces
 20435 | D:13     | Bought a transparent whip for 247 gold pieces
 20449 | D:13     | Identified the +7 whip of Ewuclos {slash, Str+4 Int+2} (You
                  | bought it in a shop on level 13 of the Dungeon)
 20821 | D:13     | Reached skill level 15 in Maces & Flails
 20955 | D:13     | Found a gate to the Vaults.
 21415 | D:13     | Reached skill level 16 in Maces & Flails
 22280 | D:14     | Reached XP level 15. HP: 138/138 MP: 20/20
 22413 | D:14     | Reached skill level 17 in Maces & Flails
 23025 | D:15     | Entered Level 15 of the Dungeon
 23204 | D:15     | Found a staircase to the Depths.
 23259 | D:15     | Reached skill level 18 in Maces & Flails
 23779 | D:15     | Found a glowing silver altar of Zin.
 23779 | D:15     | Found a runed door.
 23780 | D:15     | Noticed a daeva
 24763 | Lair:6   | Reached skill level 19 in Maces & Flails
 24905 | Spider:1 | Entered Level 1 of the Spider Nest
 24928 | Spider:1 | Reached skill level 1 in Evocations
 26082 | Spider:1 | Reached skill level 5 in Evocations
 26404 | Spider:2 | Reached XP level 16. HP: 133/146 MP: 21/21
 26925 | Spider:3 | Reached skill level 20 in Maces & Flails
 27251 | Spider:3 | Reached skill level 15 in Fighting
 27844 | Spider:4 | Entered Level 4 of the Spider Nest
 27844 | Spider:4 | Noticed Roxanne
 28571 | Spider:4 | Reached skill level 15 in Armour
 28887 | Spider:4 | Killed Roxanne
 29543 | Spider:4 | Reached XP level 17. HP: 73/158 MP: 1/22
 30562 | Spider:4 | Upgraded the game from 0.23-a0-391-g8c51ad5 to
                  | 0.23-a0-393-g6e9e0f2
 31344 | Spider:4 | Got a gossamer rune of Zot
 31530 | Shoals:1 | Entered Level 1 of the Shoals
 32033 | Shoals:2 | Found a runed door.
 32033 | Shoals:2 | Noticed Fuggyum's ghost (journeyman MiFi)
 32299 | Shoals:3 | Noticed Louise
 32761 | Shoals:3 | Reached skill level 10 in Invocations
 32816 | Shoals:3 | Banished Louise
 33177 | Shoals:3 | Got a faintly glowing ruby amulet
 33178 | Shoals:3 | Identified the amulet "Amneso" {Acrobat rC++} (You found it
                  | on level 3 of the Shoals)
 33386 | Shoals:4 | Entered Level 4 of the Shoals
 33531 | Shoals:4 | Got a barnacled rune of Zot
 34249 | Shoals:4 | Reached XP level 18. HP: 85/166 MP: 26/26
 34663 | Shoals:4 | Identified the +7 flail of the Middle {flame, Str+5}
 35690 | Vaults:1 | Entered Level 1 of the Vaults
 36144 | Vaults:1 | Noticed a Tzitzimitl
 38686 | Vaults:2 | Reached XP level 19. HP: 163/179 MP: 28/28
 38886 | Vaults:2 | Found a staircase to the Crypt.
 39515 | Vaults:2 | Noticed Agnes
 39516 | Vaults:2 | Noticed Rupert
 39530 | Vaults:2 | Banished Rupert
 39536 | Vaults:2 | Killed Agnes
 39563 | Vaults:2 | Noticed Asterion
 39572 | Vaults:2 | Banished Asterion
 39609 | Vaults:2 | Found Wihuizan's Magic Scroll Emporium.
 39614 | Vaults:2 | Bought a scroll of teleportation for 57 gold pieces
 39614 | Vaults:2 | Bought a scroll of enchant armour for 142 gold pieces
 39614 | Vaults:2 | Bought a scroll of teleportation for 57 gold pieces
 39614 | Vaults:2 | Bought a scroll of teleportation for 57 gold pieces
 40803 | Vaults:3 | Found Juanloareny's Assorted Antiques.
 40932 | Vaults:3 | Reached XP level 20. HP: 193/193 MP: 29/29
 41281 | Vaults:3 | Cast into level 2 of the Abyss (orc knight)
 41282 | Abyss:2  | Found a corrupted altar of Lugonu.
 41409 | Vaults:3 | Escaped the Abyss
 41632 | Vaults:3 | Noticed Tazamm's ghost (adept MiBe)
 41633 | Vaults:3 | Found a runed gate.
 41633 | Vaults:3 | Found a runed gate.
 41633 | Vaults:3 | Found a runed gate.
 41633 | Vaults:3 | Noticed Exkageocw's ghost (adept DECj)
 41902 | Vaults:4 | Reached skill level 21 in Maces & Flails
 42999 | Vaults:4 | Reached skill level 22 in Maces & Flails
 44151 | Depths:1 | Entered Level 1 of the Depths
 44457 | Depths:1 | Found a sparkling altar of Nemelex Xobeh.
 44476 | Depths:1 | Found a gateway to a ziggurat.
 44562 | Depths:1 | Reached skill level 23 in Maces & Flails
 44832 | Depths:1 | Found a one-way gate leading to the halls of Pandemonium.
 44910 | Depths:1 | Found Raip Oci's Gadget Emporium.
 45219 | Depths:1 | Got a twisted mace
 45220 | Depths:1 | Identified the +4 mace of Luxury {flame, Str+3} (You found
                  | it on level 1 of the Depths)
 45918 | Depths:1 | Found a gateway to Hell.
 46113 | Depths:2 | Reached XP level 21. HP: 180/201 MP: 30/30
 46576 | Depths:2 | Found Aqovi's Magic Scroll Shop.
 46589 | Depths:2 | Bought a scroll of blinking for 142 gold pieces
 46589 | Depths:2 | Bought a scroll of teleportation for 57 gold pieces
 46589 | Depths:2 | Bought a scroll of blinking for 142 gold pieces
 46589 | Depths:2 | Bought a scroll of teleportation for 57 gold pieces
 47038 | Depths:2 | Reached skill level 24 in Maces & Flails
 47290 | Depths:2 | Found a corrupted altar of Lugonu.
 47690 | Depths:2 | Noticed a golden dragon
 47696 | Depths:2 | Identified the +7 short sword "Goblin's Funeral" {drain,
                  | +Fly MR++ Dex-3 Stlth+}
 48479 | Depths:1 | Escaped the Abyss
 48964 | Elf:1    | Entered Level 1 of the Elven Halls
 49148 | Elf:1    | You fall through a shaft!
 49583 | Elf:2    | Found a huge runed gate.
 49583 | Elf:2    | Found a huge runed gate.
 49584 | Elf:2    | Found a huge runed gate.
 49585 | Elf:2    | Found a huge runed gate.
 49586 | Elf:2    | Found a huge runed gate.
 49642 | Elf:2    | Found a flickering gateway to a bazaar.
 49699 | Bazaar   | Entered a bazaar
 49699 | Bazaar   | Found Asupp's Antique Armour Shoppe.
 49699 | Bazaar   | Found Weishro's Antique Weapon Shoppe.
 49728 | Bazaar   | Found Anasih's Gadget Emporium.
 49736 | Bazaar   | Found Fast's General Store.
 49744 | Bazaar   | Bought the +14 crystal plate armour of Pathos {rPois} for
                  | 1800 gold pieces
 49757 | Bazaar   | Found Cylachuts's Magic Scroll Boutique.
 49765 | Bazaar   | Bought a scroll of enchant weapon for 105 gold pieces
 49786 | Bazaar   | Bought a bloodstained great mace for 241 gold pieces
 49786 | Bazaar   | Identified the +8 great mace of Doom {freeze, rPois rF+ rN+
                  | Str-5} (You bought it in a shop in a bazaar)
 50080 | Elf:1    | Identified the Guide on Confrontation
 51004 | Elf:2    | Found a runed gate.
 51004 | Elf:2    | Found a runed gate.
 51006 | Elf:2    | Found a runed gate.
 51006 | Elf:2    | Noticed Ditysa's ghost (adept OpWn)
 51009 | Elf:2    | Found an iron altar of Okawaru.
 52242 | Depths:2 | Killed a golden dragon
 52750 | Depths:3 | Reached XP level 22. HP: 190/213 MP: 31/31
 53280 | Depths:3 | Identified a +5 demon whip of distortion (a +3 vampiric
                  | demon whip corrupted by Lugonu)
 53280 | Depths:3 | Received a gift from Lugonu
 53349 | Depths:3 | Identified a scroll of acquirement
 54347 | Depths:3 | Found Far Taeb's Gadget Shoppe.
 54614 | Depths:3 | Noticed a caustic shrike
 54614 | Depths:3 | an acid blob changed into a caustic shrike
 54618 | Depths:3 | a caustic shrike changed into an iron dragon
 55055 | Depths:4 | Noticed Mennas
 55494 | Depths:4 | Found a one-way gate to the infinite horrors of the Abyss.
 55570 | Depths:4 | Killed Mennas
 55716 | Depths:4 | Paralysed by a floating eye for 2 turns
 55749 | Depths:4 | Noticed Margery
 56533 | Depths:5 | Entered Level 5 of the Depths
 56624 | Depths:5 | Noticed Jory
 56746 | Depths:4 | Killed Margery
 57137 | Depths:5 | Noticed a golden dragon
 57163 | Depths:5 | Killed a golden dragon
 57337 | Depths:5 | Noticed a juggernaut
 57570 | Depths:5 | Banished a juggernaut
 57624 | Depths:5 | Found Heexoeck's Assorted Antiques.
 57628 | Depths:5 | Found Ariut's Book Shoppe.
 57629 | Depths:5 | Found Cyhupysasm's Armour Emporium.
 57643 | Depths:5 | Bought a pair of runed gloves for 277 gold pieces
 57670 | Depths:5 | Noticed a juggernaut
 57686 | Depths:5 | Noticed Frederick
 57703 | Depths:5 | Killed Frederick
 57714 | Depths:5 | Reached XP level 23. HP: 97/224 MP: 32/32
 58962 | Vaults:5 | Entered Level 5 of the Vaults
 59587 | Abyss:1  | Killed Louise
 60116 | Abyss:1  | Killed Josephine
 60339 | Vaults:5 | Escaped the Abyss
 60757 | Vaults:5 | Noticed an ancient lich
 60768 | Vaults:5 | Noticed an ancient lich
 60872 | Abyss:1  | HP: 2/226 [bone dragon (10)]
 60887 | Abyss:1  | HP: 3/226 [raiju/living lightning (21)]
 61554 | Abyss:1  | Killed Psyche
 62100 | Abyss:1  | Found a corrupted altar of Lugonu.
 62359 | Abyss:1  | Gained mutation: You are weak. (Str -2) [a neqoxec]
 62415 | Abyss:1  | Found a sparkling altar of Nemelex Xobeh.
 62491 | Vaults:5 | Escaped the Abyss
 62968 | Vaults:5 | Identified the +5 morningstar of Disintegration {freeze,
                  | +Fly rF+ Str-4 SInv}
 63016 | Vaults:5 | Noticed an ancient lich
 63055 | Vaults:5 | HP: 8/227 [acid (14)]
 63057 | Vaults:5 | Splashed by an ancient lich's acid

Vault maps used:
D:1:      nzn_arrival_depleted_hourglass
D:2:      first_ration
D:3:      gammafunk_steamed_eel, cheibrodos_sewer_entry_drain,
          chequers_ecumenical_altar_island
D:4:      minmay_temple_entry_glassed_door
D:6:      kennysheep_mini, minitemple, serial_shops, shop
D:7:      grunt_temple_overflow_open, gammafunk_ghost_nasty_kobolds,
          uniq_prince_ribbit1
D:8:      enter_bailey_3, the_bakery, makhleb_blood_cavern_becter
D:9:      kennysheep_orc_monster_closet_entryway, serial_shops,
          nicolae_shop_trees, uniq_psyche
D:10:     hangedman_decor_points, uniq_snorg, uniq_nergalle
D:11:     lair_entry_dummy, gammafunk_ghost_spectres, special_room,
          serial_shops, shop, lemuel_hellish_altar
D:12:     nicolae_transmutations_shop
D:13:     hangedman_vaults_entry_quadrant_bands, serial_shops,
          nicolae_shop_overgrown_old_shop
D:14:     hangedman_decor_diamond_cutter, serial_glass, glass_columns_b,
          glass_columns_a
D:15:     hangedman_depths_entry_civil_slaughter, dk_noncrumbling_2,
          minmay_hedge_maze, chequers_serial_rivers_large_b, lemuel_angel_altar
Lair:1:   basic_altar, portal_ice_cave_entry_pillars_2, enter_volcano_1,
          uniq_harold
Lair:2:   infiniplex_staircase_pool, lemuel_fruit_tree, grunt_megastairs_3,
          minmay_lair_oklob_chamber
Lair:3:   grunt_megastairs_4, infiniplex_staircase_pool_2
Lair:4:   elwin_shoals_entry_rocks, spider_nest_entry_rubble
Lair:5:   uniq_josephine
Lair:6:   cheibrodos_lair_end_hotspot, slime_dummy, ebering_ghost_rock_garden,
          lemuel_fruit_fields
Shoals:2: gammafunk_ghost_grave, st_sunken_temple
Shoals:3: uniq_louise
Shoals:4: shoals_end_grunt_ice
Spider:4: floodkiller_spider_rune_tomb, uniq_roxanne
Orc:1:    basic_altar
Orc:2:    kennysheep_orc_mage_school
Elf:1:    eino_elf_arrival_sip, minmay_elf_annihilation
Elf:2:    serial_shops, bzr_entry_water, gammafunk_ghost_fury_of_okawaru,
          st_stairs_1, minivault_16
Vaults:1: v_alt_pattern_1, nicolae_vaults_know_your_exits,
          ontoclasm_vaults_ring_small, v_pattern_4, v_alt_pattern_5,
          nicolae_vaults_ring_of_whatevers, vaults_standard_mumra_lines,
          vaults_room_stairs_pillars, vaults_room_door_ring
Vaults:2: minmay_crypt_entry_simple_round, ontoclasm_vaults_idyll,
          nicolae_vaults_big_angled_halls, v_alt_pattern_4, v_rooms_2,
          nicolae_vaults_network_square, vaults_room_stairs_pillars,
          vaults_dpeg_hooks, vaults_room_hallway,
          nicolae_vaults_network_quinsquares, v_pattern_5,
          nicolae_vaults_ninety_degrees, vaults_room_octagon, vaults_dpeg_ring,
          vaults_dpeg_encased_lava, sword_in_stone, serial_shops,
          nicolae_shop_behind_doors
Vaults:3: gammafunk_vaults_ghost_cemetery, ontoclasm_vaults_pinch,
          grunt_vaults_bifocal, v_misc_14, grunt_vaults_hallway_long,
          hangedman_vaults_unwind, vaults_room_large_hall,
          ontoclasm_vaults_misaligned, vaults_room_fancy_cross,
          nicolae_vaults_an_arrangement, hangedman_vaults_slice, serial_shops,
          nicolae_shop_overgrown_old_shop
Vaults:4: nicolae_vaults_border_crossing, nicolae_vaults_network_periphery,
          nicolae_vaults_yaktaur_gun_rack, nicolae_vaults_mini_display_case,
          vaults_mumra_hex, v_misc_1, vaults_room_large_hall, st_lattice
Depths:1: enter_ziggurat_d, pf_dread_powers_of_hell, serial_co_window_serial,
          co_window_corner_a, co_window_paths_a, co_window_paths_b,
          co_window_paths_b, co_window_corner_a, co_window_of_opportunity_a,
          co_window_paths_a, co_window_paths_c, co_window_2corner,
          co_window_corner_cb, co_window_4corner_a, co_window_4corner_b,
          serial_shops, shop, hangedman_abyss_or_decor_jellyfish_corner,
          rand_demon_pan_entry_7, nemelex_diamond_rough_becter
Depths:2: hangedman_arch_fort, serial_shops, shop, hell_entry, eino_curves_01,
          tgw_lugonu_bribe
Depths:3: minmay_the_grid_4x2, rand_demon_pan_entry_1, serial_shops, shop,
          grunt_hell_entry_dis_grunt, nicolae_lava_and_water,
          basic_stair_grate_trap
Depths:4: kennysheep_scales, grunt_metal_band, grunt_decor_mini_mirrors,
          hangedman_abyss_entry_splay, grunt_pan_entry_spiral, uniq_mennas
Depths:5: evilmike_zot_entry_hall, pan_entry, hellmouth_1,
          minmay_stone_trees_medium, minmay_shop_star, uniq_sojobo,
          uniq_frederick, uniq_jory
Abyss:1:  evilmike_abyss_exit_2
Abyss:2:  guppyfry_abyss_exit_spiral_guarded
Abyss:3:  evilmike_nicolae_abyss_rune_containment_curve,
          evilmike_abyss_exit_smiterflies
Bazaar:   bazaar_lake
Sewer:    sewer_co_cracked_pipes
IceCv:    ice_cave_tombish

Skill      XL: |  1  2  3  4  5  6  7  8  9 10 11 12 13 14 15 16 17 18 19 20 21 22 23 |
---------------+----------------------------------------------------------------------+-----
Fighting       | 4 5 6 8 10 13 14 16 18 20 21 22 23 | 23.3
Armour         | 4 5 6 8 9 13 14 16 18 20 | 20.0
Invocations    | 3 4 8 12 14 | 14.0
Shields        | 4 12 15 18 21 23 | 23.1
Maces & Flails | 5 11 12 16 19 20 23 24 | 24.0
Evocations     | 5 6 8 |  8.0
Long Blades    | |  2.4
Dodging        | |  1.1

Action                   |  1- 3 |  4- 6 |  7- 9 | 10-12 | 13-15 | 16-18 | 19-21 | 22-24 || total
-------------------------+-------+-------+-------+-------+-------+-------+-------+-------++-------
Melee: Falchion          |    59 |   153 |   374 |       |       |       |       |       ||   586
       Headbutt          |     8 |    32 |    97 |   192 |   459 |   681 |   876 |   481 ||  2826
       Whip              |       |       |    29 |   697 |  1553 |  2051 |  2390 |   303 ||  7023
       Long sword        |       |       |       |       |     9 |    30 |    84 |    69 ||   192
       Demon whip        |       |       |       |       |       |       |       |  1497 ||  1497
Throw: Tomahawk          |       |    11 |     3 |       |       |       |       |       ||    14
       Stone             |       |     9 |       |       |       |       |       |       ||     9
       Throwing net      |       |       |       |       |       |       |     1 |       ||     1
Invok: Depart the Abyss  |     1 |       |       |       |       |       |     2 |     2 ||     5
       Bend Space        |       |       |     4 |       |       |     5 |     7 |     2 ||    18
       Banish            |       |       |     1 |    13 |     6 |    22 |    12 |     4 ||    58
       Enter the Abyss   |       |       |     1 |       |       |       |     1 |     2 ||     4
       Brand Weapon With |       |       |       |       |       |       |       |     1 ||     1
Evoke: Wand              |       |       |       |       |    18 |    33 |     4 |       ||    55
       Lamp of fire      |       |       |       |       |       |       |       |     1 ||     1
       Phantom mirror    |       |       |       |       |       |       |       |     1 ||     1
  Use: Scroll            |     4 |     5 |     9 |    17 |     3 |     8 |     7 |    20 ||    73
       Potion            |       |       |     3 |     1 |     4 |    17 |     5 |    17 ||    47
 Stab: Sleeping          |       |       |    10 |     1 |       |       |       |       ||    11
       Distracted        |       |       |     1 |       |     1 |       |       |       ||     2
       Paralysed         |       |       |       |       |     8 |       |       |       ||     8
       Petrified         |       |       |       |       |     4 |       |       |       ||     4
       Invisible         |       |       |       |       |       |     6 |       |       ||     6
       Held in net/web   |       |       |       |       |       |     1 |       |       ||     1
       Confused          |       |       |       |       |       |       |     2 |       ||     2
  Eat: Chunk             |       |     8 |    14 |    20 |    27 |    24 |    31 |     4 ||   128
       Ration            |       |       |       |     2 |     5 |     7 |     6 |    10 ||    30
Armor: Leather armour    |    13 |    34 |       |       |       |       |       |       ||    47
       Robe              |       |     7 |    60 |    14 |       |       |       |       ||    81
       Plate armour      |       |       |       |   179 |   495 |   890 |   527 |       ||  2091
       Crystal plate arm |       |       |       |       |       |       |   160 |   781 ||   941
Dodge: Dodged            |    41 |    85 |   227 |   125 |   310 |   450 |   284 |   201 ||  1723
Block: Buckler           |       |       |    87 |    65 |   141 |       |       |       ||   293
       Shield            |       |       |       |       |   379 |  1192 |   914 |   876 ||  3361
       Rpst.: Falchion   |    11 |    23 |    54 |       |       |       |       |       ||    88
       Long sword        |       |       |       |       |       |     3 |     3 |     7 ||    13

Table legend:
 A = Non-vault XP
 B = Vault XP
 C = Vault XP percentage of total XP
 D = Non-vault monster count
 E = Vault monster count
 F = Vault count percentage of total count
                 A         B        C        D         E       F
            +---------+---------+-------+---------+---------+-------
      Total |  647035 |  312593 |  32.6 |    1561 |     523 |  25.1
            +---------+---------+-------+---------+---------+-------
        D:1 |      40 |       0 |   0.0 |      16 |       0 |   0.0
        D:2 |      87 |       0 |   0.0 |      26 |       0 |   0.0
        D:3 |     135 |       2 |   1.5 |      17 |       2 |  10.5
        D:4 |     217 |       0 |   0.0 |       9 |       0 |   0.0
        D:5 |     498 |       0 |   0.0 |      12 |       0 |   0.0
        D:6 |    1290 |       0 |   0.0 |      43 |       0 |   0.0
        D:7 |     508 |     277 |  35.3 |      14 |       1 |   6.7
        D:8 |     763 |     367 |  32.5 |      18 |       3 |  14.3
        D:9 |    4351 |    1737 |  28.5 |      27 |      20 |  42.6
       D:10 |    1593 |    2203 |  58.0 |      19 |       3 |  13.6
       D:11 |    4901 |     339 |   6.5 |      28 |       1 |   3.4
       D:12 |    6189 |       0 |   0.0 |      42 |       0 |   0.0
       D:13 |   14610 |    4848 |  24.9 |      45 |      17 |  27.4
       D:14 |   13784 |       0 |   0.0 |      50 |       0 |   0.0
       D:15 |   14485 |    4908 |  25.3 |      41 |       6 |  12.8
     Lair:1 |    3923 |    1023 |  20.7 |      23 |       1 |   4.2
     Lair:2 |    3193 |     212 |   6.2 |      13 |       2 |  13.3
     Lair:3 |    4034 |     714 |  15.0 |      17 |       4 |  19.0
     Lair:4 |    3238 |     207 |   6.0 |      15 |       1 |   6.2
     Lair:5 |    7520 |    1365 |  15.4 |      24 |       5 |  17.2
     Lair:6 |    6870 |    8211 |  54.4 |      31 |      28 |  47.5
   Shoals:1 |     905 |       0 |   0.0 |       3 |       0 |   0.0
   Shoals:2 |   15037 |       0 |   0.0 |      31 |       0 |   0.0
   Shoals:3 |   17365 |     876 |   4.8 |      35 |       1 |   2.8
   Shoals:4 |   22524 |   14777 |  39.6 |      40 |      26 |  39.4
   Spider:1 |   19401 |       0 |   0.0 |      49 |       0 |   0.0
   Spider:2 |   15047 |       0 |   0.0 |      38 |       0 |   0.0
   Spider:3 |   13505 |    3251 |  19.4 |      41 |       3 |   6.8
   Spider:4 |   15636 |   34722 |  69.0 |      39 |      69 |  63.9
      Orc:1 |    2033 |       0 |   0.0 |      18 |       0 |   0.0
      Orc:2 |    3219 |    7593 |  70.2 |      24 |      33 |  57.9
      Elf:1 |   19987 |    5132 |  20.4 |      29 |       8 |  21.6
      Elf:2 |   16353 |   23310 |  58.8 |      24 |      29 |  54.7
   Vaults:1 |   30564 |   21808 |  41.6 |      65 |      25 |  27.8
   Vaults:2 |   48602 |   22573 |  31.7 |      70 |      33 |  32.0
   Vaults:3 |   49762 |    4877 |   8.9 |      77 |       9 |  10.5
   Vaults:4 |   30439 |   27618 |  47.6 |      59 |      37 |  38.5
   Vaults:5 |   13465 |   37845 |  73.8 |      23 |      33 |  58.9
   Depths:1 |   34235 |    4875 |  12.5 |      56 |       9 |  13.8
   Depths:2 |   27173 |   20418 |  42.9 |      37 |      16 |  30.2
   Depths:3 |   43325 |   14684 |  25.3 |      66 |      20 |  23.3
   Depths:4 |   20364 |   24863 |  55.0 |      30 |      26 |  46.4
   Depths:5 |   42623 |    7403 |  14.8 |      38 |       5 |  11.6
    Abyss:1 |   52448 |    3290 |   5.9 |     136 |       4 |   2.9
    Abyss:2 |     794 |    2529 |  76.1 |       3 |       3 |  50.0
      Sewer |       0 |      61 | 100.0 |       0 |      22 | 100.0
      IceCv |       0 |    3675 | 100.0 |       0 |      18 | 100.0
            +---------+---------+-------+---------+---------+-------
